Map: Royal Blood LE

Players

MattBarry

  • Race: Protoss Protoss
  • League: Gold
  • Spawn Location: 7:00

TDiddy - Winner!

  • Race: Terran Terran
  • League: Silver
  • Spawn Location: 1:00

VOD

Have the link to the VOD?

Description

Time

  • Played on: Jan. 31, 2023, 11:05 a.m.
  • Length: 20:51
Show
View Real Time Build Order
Export as new Build Order

MattBarry Protoss 

Build Orders:  

Get SALT Encoding   

  12  0:01  Probe  
  13  0:19  Probe  
  14  0:40  Pylon, Probe  
  15  0:48  Pylon  
  15  1:00  Forge  
  15  1:13  Pylon  
  15  1:45  Pylon  
  15  1:58  Pylon  
  15  2:04  Photon Cannon  
  15  2:06  Photon Cannon  
  13  2:24  Probe  
  14  2:36  Probe  
  15  2:48  Probe  
  16  3:03  Pylon  
  16  3:06  Gateway  
  16  3:14  Photon Cannon  
  16  3:19  Pylon  
  16  3:25  Photon Cannon  
  16  3:32  Probe  
  17  3:42  Photon Cannon  
  17  3:44  Photon Cannon, Probe  
  18  3:56  Pylon, Probe  
  19  4:08  Cybernetics Core, Probe  
  20  4:15  Photon Cannon  
  20  4:20  Probe (Chrono Boost)  
  22  4:31  Photon Cannon  
  22  4:32  Probe (Chrono Boost)  
  22  4:51  Assimilator  
  22  4:55  Assimilator  
  22  5:01  Shield Battery  
  22  5:10  Shield Battery  
  22  5:17  Shield Battery  
  22  5:30  Probe  
  23  5:42  Probe  
  24  5:54  Probe  
  25  5:59  Stargate  
  25  6:15  Pylon  
  25  6:27  Nexus  
  24  6:36  Stargate  
  24  6:37  Assimilator  
  23  6:47  Pylon  
  23  6:58  Pylon  
  27  7:09  Void Ray (Chrono Boost)  
  27  7:16  Probe (Chrono Boost)  
  28  7:27  Probe (Chrono Boost)  
  33  8:22  Pylon, Void Ray (Chrono Boost)  
  33  8:25  Pylon  
  33  8:30  Probe (Chrono Boost)  
  35  8:35  Probe (Chrono Boost)  
  36  8:41  Probe (Chrono Boost)  
  36  8:43  Stargate  
  29  9:04  Void Ray (Chrono Boost)  
  28  9:42  Void Ray (Chrono Boost)  
  32  9:46  Void Ray (Chrono Boost)  
  32  9:51  Nexus  
  32  9:56  Pylon  
  36  10:22  Void Ray (Chrono Boost)  
  36  10:26  Pylon  
  36  10:32  Forge  
  36  11:35  Nexus  
  40  12:03  Void Ray (Chrono Boost)  
  40  12:14  Photon Cannon  
  40  12:15  Photon Cannon  
  44  12:22  Void Ray (Chrono Boost)  
  32  12:54  Void Ray  
  32  13:00  Shield Battery  
  32  13:23  Probe  
  33  14:25  Nexus  
  25  15:11  Probe  
  26  15:34  Nexus  
  22  15:58  Nexus  
  20  16:47  Nexus  
  20  17:13  Pylon  
  20  17:16  Pylon  
  8  17:56  Pylon  
  4  19:30  Assimilator  
  4  19:34  Assimilator  
  3  19:41  Assimilator  
Show
View Real Time Build Order
Export as new Build Order

TDiddy Terran - Winner!

Build Orders:  

Get SALT Encoding   

  12  0:01  SCV  
  13  0:13  SCV  
  14  0:22  Supply Depot  
  14  0:25  SCV  
  15  0:32  Supply Depot  
  15  0:38  Refinery  
  15  0:51  Barracks  
  15  1:32  Command Center  
  15  1:37  SCV  
  16  1:43  Marine  
  17  2:01  Marine  
  18  2:18  Marine  
  16  2:47  Marine  
  16  2:51  Factory  
  17  2:56  Engineering Bay  
  17  3:05  Marine  
  17  3:20  SCV  
  18  3:33  SCV  
  19  3:37  Factory Tech Lab  
  19  3:41  Marine  
  20  3:45  SCV  
  21  3:57  SCV  
  21  3:58  Marine  
  21  4:01  Siege Tank  
  26  4:09  SCV  
  26  4:33  Siege Tank  
  29  5:00  Command Center  
  29  5:05  Siege Tank  
  32  5:57  Marine  
  33  6:05  Refinery  
  33  6:07  Starport  
  33  6:09  Starport  
  33  6:15  Marine  
  33  6:17  Bunker  
  34  6:32  Marine  
  35  6:50  Marine  
  36  7:08  Marine  
  36  7:15  Starport Reactor  
  37  7:16  Starport Tech Lab  
  37  7:21  Missile Turret  
  37  7:38  Missile Turret  
  37  8:05  Viking x2  
  41  8:13  Viking  
  37  8:26  SCV  
  38  8:27  Missile Turret  
  38  8:34  Missile Turret  
  38  8:38  SCV  
  39  8:50  SCV  
  40  9:03  SCV  
  40  9:09  Banshee  
  44  9:15  SCV  
  43  9:47  Orbital Command  
  43  9:50  Orbital Command  
  43  9:52  Banshee  
  46  10:19  SCV  
  47  10:26  SCV  
  48  10:31  SCV  
  48  10:32  Missile Turret  
  48  10:33  Viking x2  
  53  10:38  SCV  
  54  10:43  SCV  
  55  10:50  SCV  
  55  10:54  Missile Turret  
  55  10:55  SCV  
  57  11:02  SCV  
  58  11:07  SCV  
  59  11:14  SCV  
  60  11:29  Supply Depot, Hi-Sec Auto Tracking  
  60  11:39  SCV  
  61  11:45  Barracks Reactor  
  61  11:51  SCV  
  61  11:52  Supply Depot  
  62  12:03  SCV  
  63  12:14  Supply Depot  
  63  12:15  SCV  
  64  12:28  SCV  
  65  12:36  Supply Depot  
  64  12:51  Siege Tank  
  64  12:59  Planetary Fortress  
  64  13:08  Cloaking Field  
  64  13:10  Viking x2  
  68  13:13  Banshee  
  68  13:17  SCV, Refinery  
  68  13:18  Refinery x2  
  72  13:21  SCV  
  72  13:22  Refinery  
  72  13:23  Siege Tank  
  76  13:29  SCV  
  76  13:34  Missile Turret  
  75  13:41  SCV  
  74  13:52  Viking x2  
  74  13:53  SCV  
  82  13:55  Siege Tank  
  82  13:56  Banshee  
  85  14:06  Hyperflight Rotors, SCV  
  86  14:12  SCV  
  86  14:14  Missile Turret  
  87  14:22  Viking  
  89  14:24  SCV  
  89  14:27  Siege Tank  
  93  14:35  Missile Turret  
  93  14:37  SCV  
  94  14:49  SCV  
  91  15:01  SCV  
  92  15:41  Viking x3  
  98  15:52  Marine x2  
  100  16:10  Marine x2  
  100  16:11  Viking  
  104  16:28  Marine x2  
  106  16:42  Missile Turret  
  106  16:45  Marine  
  106  16:46  Marine  
  108  18:31  Missile Turret  
Tags
 
Matchup
PvT
Replay Pack
Multiplayer
Spawn Locations
Cross Positions
Add a new tag
Caveats
  • Supply blocks, unpowered buildings, or Contaminate may cause inaccurate times.
  • Supply counts are checked every 10 seconds.